APL (24 & UNDER)
SCOTTSDALE SCORPIONS @ BEAVERTON BRONZE SOULS
08/26/2029
 
TOP OF THE 1ST
Scottsdale Scorpions batting - Pitching for Beaverton Bronze Souls : LHP Manny Reyes
Pitching: LHP Manny Reyes
Batting: LHB Shawn Brown 0-0: Ball
1-0: Ball
2-0: Fly out, F9 (Line Drive, 9S)
Batting: RHB José Martínez 0-0: Ball
1-0: Fly out, F7 (Flyball, 7)
Batting: LHB Clayton Bailey 0-0: Foul Ball, location: 2F
0-1: Ball
1-1: Ball
2-1: Foul Ball, location: 2F
2-2: Foul Ball, location: 2F
2-2: Ball
3-2: Foul Ball, location: 2F
3-2: Strikes out swinging
Top of the 1st over - 0 runs, 0 hits, 0 errors, 0 left on base; Scottsdale 0 - Beaverton 0
BOTTOM OF THE 1ST
Beaverton Bronze Souls batting - Pitching for Scottsdale Scorpions : RHP Jorge Chávez
Pitching: RHP Jorge Chávez
Batting: RHB Pedro Rivera 0-0: Ball
1-0: DOUBLE (Line Drive, 9LM)
Batting: RHB Nathan Smith 0-0: Called Strike
0-1: Ball
Pedro Rivera steals 3rd base
1-1: Ball
2-1: Foul Ball, location: 2F
2-2: SINGLE (Line Drive, 8RS)
Pedro Rivera scores
Batting: RHB Cameron Irwin 0-0: Grounds into double play, 5-4-3 (Groundball, 5)
Batting: RHB Marshall Gross 0-0: Ball
1-0: Ball
2-0: Swinging Strike
2-1: Called Strike
2-2: Foul Ball, location: 2F
2-2: Strikes out swinging
Bottom of the 1st over - 1 run, 2 hits, 0 errors, 0 left on base; Scottsdale 0 - Beaverton 1
TOP OF THE 2ND
Scottsdale Scorpions batting - Pitching for Beaverton Bronze Souls : LHP Manny Reyes
Batting: RHB Javier Gonzáles 0-0: Ball
1-0: Foul Ball, location: 2F
1-1: Foul Ball, location: 2F
1-2: Strikes out swinging
Batting: SHB Luis López 0-0: Called Strike
0-1: Foul Ball, location: 2F
0-2: Strikes out swinging
Batting: RHB Miguel Ramos 0-0: Ball
1-0: Foul Ball, location: 2F
1-1: Swinging Strike
1-2: Ball
2-2: Ball
3-2: Foul Ball, location: 2F
3-2: Base on Balls
Batting: RHB José Méndez 0-0: Called Strike
0-1: Ball
1-1: Ball
2-1: Ball
3-1: Base on Balls
Miguel Ramos to second
Batting: LHB Manny Vigil 0-0: Called Strike
0-1: Ball
Wild Pitch!
Miguel Ramos to third
José Méndez to second
1-1: Called Strike
1-2: Ball
2-2: Ball
3-2: Strikes out looking
Top of the 2nd over - 0 runs, 0 hits, 0 errors, 2 left on base; Scottsdale 0 - Beaverton 1
BOTTOM OF THE 2ND
Beaverton Bronze Souls batting - Pitching for Scottsdale Scorpions : RHP Jorge Chávez
Batting: LHB Alonso Contreras 0-0: Foul Ball, location: 2F
0-1: Foul Ball, location: 2F
0-2: Ball
1-2: Ball
2-2: SINGLE (Groundball, 4MD)
Batting: RHB Dan Cross 0-0: Ground out 5-3 (Groundball, 56S)
Alonso Contreras to second
Batting: RHB Salvador Castro 0-0: Ball
1-0: Foul Ball, location: 2F
1-1: Fly out, F5 (Line Drive, 5S)
Batting: RHB Jacob Glasspool 0-0: Called Strike
0-1: Called Strike
0-2: Strikes out swinging
Bottom of the 2nd over - 0 runs, 1 hit, 0 errors, 1 left on base; Scottsdale 0 - Beaverton 1
TOP OF THE 3RD
Scottsdale Scorpions batting - Pitching for Beaverton Bronze Souls : LHP Manny Reyes
Batting: RHB Robinson Fernández 0-0: Ball
1-0: Ball
2-0: Swinging Strike
2-1: Swinging Strike
2-2: Foul Ball, location: 2F
2-2: Strikes out looking
Batting: LHB Shawn Brown 0-0: Ball
1-0: SOLO HOME RUN (Flyball, 9D), Distance : 367 ft
Batting: RHB José Martínez 0-0: Called Strike
0-1: Ball
1-1: Ball
2-1: Foul Ball, location: 2F
2-2: Strikes out swinging
Batting: LHB Clayton Bailey 0-0: Foul Ball, location: 2F
0-1: Ball
1-1: Ground out 5-3 (Groundball, 5)
Top of the 3rd over - 1 run, 1 hit, 0 errors, 0 left on base; Scottsdale 1 - Beaverton 1
BOTTOM OF THE 3RD
Beaverton Bronze Souls batting - Pitching for Scottsdale Scorpions : RHP Jorge Chávez
Batting: RHB Robbie Barnes 0-0: Called Strike
0-1: Ball
1-1: Ball
2-1: Foul Ball, location: 2F
2-2: Ground out 4-3 (Groundball, 4S)
Batting: RHB Pedro Rivera 0-0: Ball
1-0: Called Strike
1-1: Ball
2-1: Foul Ball, location: 2F
2-2: Strikes out swinging
Batting: RHB Nathan Smith 0-0: Ball
1-0: Ground out 5-3 (Groundball, 56S)
Bottom of the 3rd over - 0 runs, 0 hits, 0 errors, 0 left on base; Scottsdale 1 - Beaverton 1
TOP OF THE 4TH
Scottsdale Scorpions batting - Pitching for Beaverton Bronze Souls : LHP Manny Reyes
Batting: RHB Javier Gonzáles 0-0: Foul Ball, location: 2F
0-1: Ball
1-1: Called Strike
1-2: Strikes out swinging
Batting: SHB Luis López 0-0: Ball
1-0: Ball
2-0: SOLO HOME RUN (Flyball, 7LD), Distance : 357 ft
Batting: RHB Miguel Ramos 0-0: Foul Ball, location: 2F
0-1: Foul Ball, location: 2F
0-2: Ball
1-2: Foul Ball, location: 2F
1-2: Ball
2-2: Foul Ball, location: 2F
2-2: Foul Ball, location: 2F
2-2: Fly out, F4 (Popup, 4)
Batting: RHB José Méndez 0-0: SINGLE (Line Drive, 9S)
Batting: LHB Manny Vigil 0-0: Ball
1-0: Ball
2-0: Called Strike
2-1: Ball
3-1: Fly out, F7 (Flyball, 7)
Top of the 4th over - 1 run, 2 hits, 0 errors, 1 left on base; Scottsdale 2 - Beaverton 1
BOTTOM OF THE 4TH
Beaverton Bronze Souls batting - Pitching for Scottsdale Scorpions : RHP Jorge Chávez
Batting: RHB Cameron Irwin 0-0: Ball
1-0: Called Strike
1-1: Ball
2-1: Swinging Strike
2-2: Ball
3-2: Ground out 6-3 (Groundball, 6)
Batting: RHB Marshall Gross 0-0: Foul Ball, location: 2F
0-1: Ground out 6-3 (Groundball, 6)
Batting: LHB Alonso Contreras 0-0: Foul Ball, location: 2F
0-1: Swinging Strike
0-2: Strikes out looking
Bottom of the 4th over - 0 runs, 0 hits, 0 errors, 0 left on base; Scottsdale 2 - Beaverton 1
TOP OF THE 5TH
Scottsdale Scorpions batting - Pitching for Beaverton Bronze Souls : LHP Manny Reyes
Batting: RHB Robinson Fernández 0-0: Foul Ball, location: 2F
0-1: Ground out 3-1 (Groundball, 34)
Batting: LHB Shawn Brown 0-0: Called Strike
0-1: Ball
1-1: Ball
2-1: Foul Ball, location: 2F
2-2: Ball
3-2: Foul Ball, location: 2F
3-2: Strikes out looking
Batting: RHB José Martínez 0-0: Ball
1-0: Ball
2-0: Ball
3-0: Base on Balls
Batting: LHB Clayton Bailey 0-0: Called Strike
0-1: Ball
1-1: Swinging Strike
1-2: Ball
José Martínez steals 2nd base
2-2: Strikes out swinging
Top of the 5th over - 0 runs, 0 hits, 0 errors, 1 left on base; Scottsdale 2 - Beaverton 1
BOTTOM OF THE 5TH
Beaverton Bronze Souls batting - Pitching for Scottsdale Scorpions : RHP Jorge Chávez
Batting: RHB Dan Cross 0-0: Ball
1-0: SINGLE (Groundball, 3D)
Batting: RHB Salvador Castro 0-0: Ball
1-0: Foul Ball, location: 2F
1-1: Called Strike
1-2: Ball
2-2: Foul Ball, location: 2F
2-2: Foul Ball, location: 2F
2-2: Ball
3-2: Base on Balls
Dan Cross to second
Batting: RHB Jacob Glasspool 0-0: 3-RUN HOME RUN (Flyball, 78XD), Distance : 394 ft
Batting: RHB Robbie Barnes 0-0: Called Strike
0-1: Foul Ball, location: 2F
0-2: Strikes out swinging
Batting: RHB Pedro Rivera 0-0: Called Strike
0-1: Ball
1-1: Foul Ball, location: 2F
1-2: Fly out, F7 (Flyball, 7LS)
Batting: RHB Nathan Smith 0-0: Foul Ball, location: 2F
0-1: Foul Ball, location: 2F
0-2: Ball
1-2: Ball
2-2: SINGLE (Line Drive, 56)
Batting: RHB Cameron Irwin 0-0: Ball
1-0: Ball
Nathan Smith steals 2nd base
2-0: Ground out 5-3 (Groundball, 56S)
Bottom of the 5th over - 3 runs, 3 hits, 0 errors, 1 left on base; Scottsdale 2 - Beaverton 4
TOP OF THE 6TH
Scottsdale Scorpions batting - Pitching for Beaverton Bronze Souls : LHP Manny Reyes
Batting: RHB Javier Gonzáles 0-0: Called Strike
0-1: Swinging Strike
0-2: Strikes out swinging
Batting: SHB Luis López 0-0: Ball
1-0: Ball
2-0: Ball
3-0: Called Strike
3-1: Swinging Strike
3-2: Ground out 4-3 (Groundball, 34)
Batting: RHB Miguel Ramos 0-0: Ball
1-0: Called Strike
1-1: Foul Ball, location: 2F
1-2: Reached on error, E5 (Groundball, 56)
Batting: RHB José Méndez 0-0: Foul Ball, location: 2F
0-1: Ball
1-1: Ball
2-1: SINGLE (Flyball, 7S)
Miguel Ramos to third
Runner from 3rd tries for Home, SAFE, no throw
Batting: LHB Manny Vigil 0-0: Ball
1-0: Foul Ball, location: 2F
1-1: Swinging Strike
1-2: Strikes out swinging
Top of the 6th over - 1 run, 1 hit, 1 error, 1 left on base; Scottsdale 3 - Beaverton 4
BOTTOM OF THE 6TH
Beaverton Bronze Souls batting - Pitching for Scottsdale Scorpions : RHP Jorge Chávez
Batting: RHB Marshall Gross 0-0: Fly out, F9 (Line Drive, 89S)
Batting: LHB Alonso Contreras 0-0: Ball
1-0: Ball
2-0: Ball
3-0: Base on Balls
Batting: RHB Dan Cross 0-0: Ball
Alonso Contreras steals 2nd base
1-0: Intentional Walk
Pitching: RHP Rick Díaz
Batting: RHB Salvador Castro 0-0: Grounds into double play, 6-4-3 (Groundball, 6)
Bottom of the 6th over - 0 runs, 0 hits, 0 errors, 1 left on base; Scottsdale 3 - Beaverton 4
TOP OF THE 7TH
Scottsdale Scorpions batting - Pitching for Beaverton Bronze Souls : LHP Manny Reyes
Batting: RHB Robinson Fernández 0-0: SINGLE (Groundball, 34D)
Batting: LHB Shawn Brown 0-0: Ball
1-0: Foul Ball, location: 2F
1-1: Ball
2-1: SINGLE (Groundball, 56D)
Robinson Fernández to second
Batting: RHB José Martínez 0-0: Ball
1-0: Ball
2-0: Foul Ball, location: 2F
2-1: SINGLE (Groundball, 6M) (infield hit)
Robinson Fernández to third
Shawn Brown to second
Batting: LHB Clayton Bailey 0-0: Foul Ball, location: 2F
0-1: Swinging Strike
0-2: Strikes out swinging
Pinch Hitting: SHB Juan Gonzáles 0-0: Grounds into fielders choice 4-2 (Groundball, 4MD)
Shawn Brown to third
José Martínez to second
Batting: SHB Luis López 0-0: Ball
1-0: Called Strike
1-1: Foul Ball, location: 2F
1-2: Strikes out swinging
Top of the 7th over - 0 runs, 3 hits, 0 errors, 3 left on base; Scottsdale 3 - Beaverton 4
BOTTOM OF THE 7TH
Beaverton Bronze Souls batting - Pitching for Scottsdale Scorpions : RHP Rick Díaz
Now at 3B: Juan Gonzáles
Batting: RHB Jacob Glasspool 0-0: Ball
1-0: Ball
2-0: Ball
3-0: Base on Balls
Batting: RHB Robbie Barnes 0-0: Bunted foul
0-1: Sac Bunt - play at first, batter OUT! 1-4
Jacob Glasspool to second
Pinch Hitting: LHB Balduíno Bruschy 0-0: Intentional Walk
Batting: RHB Nathan Smith 0-0: Called Strike
0-1: Ball
Balduíno Bruschy steals 2nd base
Jacob Glasspool to third
1-1: Ball
2-1: Foul Ball, location: 2F
2-2: Strikes out swinging
Batting: RHB Cameron Irwin 0-0: Ball
1-0: Ball
2-0: Ground out 4-3 (Groundball, 6MS)
Bottom of the 7th over - 0 runs, 0 hits, 0 errors, 2 left on base; Scottsdale 3 - Beaverton 4
TOP OF THE 8TH
Scottsdale Scorpions batting - Pitching for Beaverton Bronze Souls : LHP Manny Reyes
Now at SS: Luis Gonzáles
Now in CF: Rodrigo Pérez
Batting: RHB Miguel Ramos 0-0: Ball
1-0: Foul Ball, location: 2F
1-1: Ball
2-1: Ball
3-1: Foul Ball, location: 2F
3-2: Strikes out looking
Batting: RHB José Méndez 0-0: Ball
1-0: Foul Ball, location: 2F
1-1: Foul Ball, location: 2F
1-2: SINGLE (Groundball, 34D)
Batting: LHB Manny Vigil 0-0: Called Strike
0-1: Called Strike
0-2: Ball
1-2: Ball
2-2: SINGLE (Line Drive, 56D)
José Méndez to second
Batting: RHB Robinson Fernández 0-0: Foul Ball, location: 2F
0-1: Ball
1-1: SINGLE (Line Drive, 8LS)
José Méndez to third
Manny Vigil to second
Runner from 3rd tries for Home, SAFE, no throw
Pinch Runner at 2nd Bartolo Baruffaldi:
Batting: LHB Shawn Brown 0-0: Ball
Bartolo Baruffaldi steals 3rd base
Robinson Fernández to second
1-0: Intentional Walk
Batting: RHB José Martínez 0-0: Called Strike
0-1: Ball
1-1: Grounds into fielders choice 6-2 (Groundball, 56)
Robinson Fernández to third
Shawn Brown to second
Batting: LHB Clayton Bailey 0-0: Ball
1-0: GRAND SLAM HOME RUN (Flyball, 9LD), Distance : 335 ft
Pitching: LHP Lúcio López
Batting: SHB Juan Gonzáles 0-0: Called Strike
0-1: Swinging Strike
0-2: Ball
1-2: Ball
2-2: Foul Ball, location: 2F
2-2: Strikes out swinging
Top of the 8th over - 5 runs, 4 hits, 0 errors, 0 left on base; Scottsdale 8 - Beaverton 4
BOTTOM OF THE 8TH
Beaverton Bronze Souls batting - Pitching for Scottsdale Scorpions : RHP Rick Díaz
Now in CF: Bartolo Baruffaldi
Batting: RHB Marshall Gross 0-0: Ball
1-0: Ball
2-0: Called Strike
2-1: Ball
3-1: Called Strike
3-2: Base on Balls
Batting: LHB Alonso Contreras 0-0: Ball
1-0: Ball
2-0: Foul Ball, location: 2F
2-1: Ball
3-1: Base on Balls
Marshall Gross to second
Batting: RHB Dan Cross 0-0: Ball
1-0: Ball
2-0: Ball
3-0: Called Strike
3-1: Grounds into double play, 5-4-3 (Groundball, 56)
Marshall Gross to third
Batting: RHB Salvador Castro 0-0: Ball
1-0: Called Strike
1-1: TRIPLE (Line Drive, 9LD)
Marshall Gross scores
Batting: RHB Jacob Glasspool 0-0: SINGLE (Groundball, 6MD)
Salvador Castro scores
Batting: RHB Luis Gonzáles 0-0: Fly out, F3 (Popup, 3S)
Bottom of the 8th over - 2 runs, 2 hits, 0 errors, 1 left on base; Scottsdale 8 - Beaverton 6
TOP OF THE 9TH
Scottsdale Scorpions batting - Pitching for Beaverton Bronze Souls : LHP Lúcio López
Batting: SHB Luis López 0-0: Ball
1-0: SINGLE (Groundball, 56D)
Batting: RHB Miguel Ramos 0-0: Swinging Strike
0-1: Ball
1-1: Swinging Strike
1-2: Foul Ball, location: 2F
1-2: Strikes out looking
Batting: RHB José Méndez 0-0: Ball
1-0: Ball
2-0: Ball
3-0: Called Strike
3-1: Foul Ball, location: 2F
3-2: Base on Balls
Luis López to second
Pinch Hitting: RHB Mike Hall 0-0: DOUBLE (Groundball, 5L)
Luis López scores
José Méndez to third
Batting: RHB Robinson Fernández 0-0: Ball
1-0: Ball
2-0: Fly out, F4 (Popup, 23)
Batting: LHB Shawn Brown 0-0: Called Strike
0-1: Ball
1-1: Foul Ball, location: 2F
1-2: Ball
2-2: Foul Ball, location: 2F
2-2: Foul Ball, location: 2F
2-2: Foul Ball, location: 2F
2-2: Ball
3-2: Ground out 6-3 (Groundball, 6)
Top of the 9th over - 1 run, 2 hits, 0 errors, 2 left on base; Scottsdale 9 - Beaverton 6
BOTTOM OF THE 9TH
Beaverton Bronze Souls batting - Pitching for Scottsdale Scorpions : RHP Rick Díaz
Pitching: RHP Héctor Martínez
Now at 1B: Mike Hall
Batting: LHB Rodrigo Pérez 0-0: Foul Ball, location: 2F
0-1: Ball
1-1: Ball
2-1: Ball
3-1: Called Strike
3-2: Foul Ball, location: 2F
3-2: DOUBLE (Flyball, 8LD)
Batting: RHB Nathan Smith 0-0: Ball
1-0: SINGLE (Groundball, 56D)
Rodrigo Pérez to third
Pinch Hitting: LHB Luis Aragón 0-0: Called Strike
0-1: Ball
1-1: Called Strike
1-2: Ground out 4-3 (Groundball, 4)
Nathan Smith to second
Batting: RHB Marshall Gross 0-0: Called Strike
0-1: Foul Ball, location: 2F
0-2: Ball
1-2: Ball
2-2: Fly out, F7 (Flyball, 7D)
Runner from 3rd tags up, SCORES, no throw
Nathan Smith to third
Batting: LHB Alonso Contreras 0-0: Ball
1-0: Foul Ball, location: 2F
1-1: DOUBLE (Line Drive, 9LM)
Nathan Smith scores
Pinch Hitting: LHB Juan Palácios 0-0: Called Strike
0-1: Foul Ball, location: 2F
0-2: DOUBLE (Line Drive, 8LD)
Alonso Contreras scores
Pitching: LHP Brant Goff
Pinch Hitting: RHB Vernon Harris 0-0: Intentional Walk
Pinch Runner at 2nd José Fernández:
Pinch Hitting: RHB Armando García 0-0: Ball
1-0: Called Strike
1-1: Ball
2-1: Called Strike
2-2: Foul Ball, location: 2F
2-2: Ball
3-2: Base on Balls
José Fernández to third
Vernon Harris to second
Pinch Hitting: RHB Ed Fuhrman 0-0: Ball
1-0: Foul Ball, location: 2F
1-1: Foul Ball, location: 2F
1-2: Foul Ball, location: 2F
1-2: Foul Ball, location: 2F
1-2: Fly out, F5 (Line Drive, 5)
Bottom of the 9th over - 3 runs, 4 hits, 0 errors, 3 left on base; Scottsdale 9 - Beaverton 9
TOP OF THE 10TH
Scottsdale Scorpions batting - Pitching for Beaverton Bronze Souls : LHP Lúcio López
Now at C: Carlos Carrillo
Now at 1B: Ed Fuhrman
Now at 2B: Armando García
Now at 3B: Ed Nygaard
Now in RF: Vernon Harris
Batting: RHB José Martínez 0-0: Ball
1-0: Called Strike
1-1: SINGLE (Groundball, 25) (infield hit)
Batting: LHB Clayton Bailey 0-0: Ball
1-0: Ball
2-0: Called Strike
2-1: Swinging Strike
2-2: Ball
3-2: Strikes out looking
José Martínez steals 2nd base
Batter strikes out.
Batting: SHB Juan Gonzáles 0-0: Intentional Walk
Batting: SHB Luis López 0-0: Ball
José Martínez steals 3rd base
Juan Gonzáles to second
1-0: Called Strike
1-1: Ball
2-1: Ball
3-1: Foul Ball, location: 2F
3-2: 3-RUN HOME RUN (Flyball, 7D), Distance : 373 ft
Batting: RHB Miguel Ramos 0-0: Called Strike
0-1: Foul Ball, location: 2F
0-2: Ball
1-2: Foul Ball, location: 2F
1-2: Ball
2-2: Ball
3-2: Base on Balls
Batting: RHB José Méndez 0-0: Called Strike
0-1: Ball
1-1: Ball
2-1: Ball
3-1: Called Strike
3-2: Base on Balls
Miguel Ramos to second
Batting: RHB Mike Hall 0-0: SINGLE (Line Drive, 4M)
Miguel Ramos to third
José Méndez to second
Pitching: RHP Esteve Gabirra
Pinch Hitting: LHB Tony Ayala 0-0: Called Strike
0-1: Ball
1-1: Foul Ball, location: 2F
1-2: Foul Ball, location: 2F
1-2: Ball
2-2: Ball
3-2: SINGLE (Groundball, 4D)
Miguel Ramos scores
José Méndez to third
Mike Hall to second
Runner from 3rd tries for Home, SAFE, throw made home
Batting: LHB Shawn Brown 0-0: Fly out, F7 (Flyball, 7LSF)
Batting: RHB José Martínez 0-0: Ball
1-0: Swinging Strike
1-1: Ball
2-1: Ball
3-1: Base on Balls
Mike Hall to third
Tony Ayala to second
Batting: LHB Clayton Bailey 0-0: Ball
1-0: Called Strike
1-1: Ball
2-1: Fly out, F9 (Flyball, 9LM)
Top of the 10th over - 5 runs, 4 hits, 0 errors, 3 left on base; Scottsdale 14 - Beaverton 9
BOTTOM OF THE 10TH
Beaverton Bronze Souls batting - Pitching for Scottsdale Scorpions : LHP Brant Goff
Now at 2B: Alan Evans
Batting: LHB Rodrigo Pérez 0-0: Ball
1-0: Swinging Strike
1-1: Called Strike
1-2: Fly out, F7 (Flyball, 78S)
Batting: RHB Nathan Smith 0-0: SINGLE (Line Drive, 6D)
Batting: RHB Carlos Carrillo 0-0: Foul Ball, location: 2F
0-1: Ball
1-1: Ball
2-1: Called Strike
2-2: Strikes out looking
Batting: RHB Marshall Gross 0-0: Swinging Strike
0-1: DOUBLE (Line Drive, 9D)
Nathan Smith to third
Batting: LHB Alonso Contreras 0-0: Ball
1-0: Foul Ball, location: 2F
1-1: Ball
2-1: Ball
3-1: Base on Balls
Batting: RHB Ed Nygaard 0-0: Called Strike
0-1: Ball
1-1: Ball
2-1: Foul Ball, location: 2F
2-2: GRAND SLAM HOME RUN (Flyball, 78XD), Distance : 404 ft
Pitching: RHP José Amaya
Batting: RHB Vernon Harris 0-0: Ball
1-0: Ball
2-0: Called Strike
2-1: Ball
3-1: SINGLE (Flyball, 9S)
Batting: RHB Armando García 0-0: Called Strike
0-1: Foul Ball, location: 2F
Balk!
Vernon Harris to second
0-2: Foul Ball, location: 2F
0-2: Ground out 5-3 (Groundball, 56)
Bottom of the 10th over - 4 runs, 4 hits, 0 errors, 1 left on base; Scottsdale 14 - Beaverton 13
Saturday, December 16th, 2017 - OOTP Baseball 18.8 Build 76